AoeStats
← Erwin

Arabia

509984034Analyzed
3v3 RM · 2d ago on Sep 28, 2026· 88m 34s· 6 players
Game mode
Random Map
Map size
Normal (6 player)
Population
200
Speed
Normal
Resources
Standard
Victory
Conquest
Starting age
Dark Age
Ending age
Imperial Age
RankedLock teamsTeams togetherTeam positionsShared explorationLock speedFull tech treeHidden civsTurbo modeCheats
Victory
Defeat
🇺🇸 Berbers · United States
1282
+12
🇲🇽 Franks · Mexico
1173
+16
🇺🇸 Jurchens · United States
1011
+23
🇦🇷 Persians · Argentina
1220
-19
🇨🇦 Inca · Canada
1219
-19
🇨🇭 Poles · Switzerland
1069
-13
Nike man
5:58 Loom
9:11 Feudal Age
9:45 Double-Bit Axe
13:51 Fletching
24:17 Castle Age
23:10 Horse Collar
24:20 Crossbowman
25:35 Pikeman
26:54 Scale Mail Armor
27:59 Thumb Ring
33:43 Ballistics
34:08 Bodkin Arrow
40:24 Wheelbarrow
39:37 Town Watch
40:05 Bow Saw
41:06 Forging
42:38 Light Cavalry
43:55 Hand Cart
48:13 Imperial Age
49:37 Conscription
50:46 Chemistry
49:58 Masonry
50:05 Squires
52:12 Bracer
52:50 Bloodlines
52:41 Husbandry
53:08 Scale Barding Armor
53:42 Iron Casting
55:07 Caravan
54:49 Treadmill Crane
54:38 Hussar
57:33 Chain Barding Armor
58:14 Blast Furnace
63:41 Chain Mail Armor
63:27 Padded Archer Armor
65:17 Kasbah
67:33 Fervor
68:00 Heavy Camel Rider
71:47 Plate Barding Armor
71:28 Leather Archer Armor
71:16 Elite Camel Archer
78:44 Heated Shot
81:27 Heavy Plow
86:27 Coinage
Tupeck
0:27 Loom
11:34 Feudal Age
12:05 Double-Bit Axe
21:37 Castle Age
20:16 Scale Barding Armor
20:41 Gold Mining
22:06 Forging
29:06 Town Watch
31:44 Fletching
35:41 Scale Mail Armor
35:47 Stone Mining
36:34 Gold Shaft Mining
37:46 Iron Casting
38:15 Chain Mail Armor
38:58 Masonry
40:23 Bodkin Arrow
40:11 Treadmill Crane
41:59 Chain Barding Armor
43:03 Wheelbarrow
42:55 Pikeman
43:35 Squires
45:49 Husbandry
46:21 Gambesons
48:49 Hand Cart
49:18 Padded Archer Armor
51:48 Light Cavalry
53:19 Bow Saw
57:11 Imperial Age
56:39 Leather Archer Armor
57:18 Elite Skirmisher
61:46 Leather Archer Armor
62:55 Plate Mail Armor
62:15 Cavalier
64:12 Plate Barding Armor
64:38 Blast Furnace
67:04 Paladin
71:25 Caravan
71:19 Halberdier
72:53 Town Patrol
74:26 Paladin
87:26 Arson
89:22 Chemistry
88:53 Architecture
88:34 Capped Ram
AlamasK
6:14 Loom
11:07 Feudal Age
12:56 Double-Bit Axe
12:53 Horse Collar
15:00 Bloodlines
20:25 Castle Age
21:06 Fletching
21:25 Scale Barding Armor
23:18 Husbandry
29:45 Forging
29:53 Pikeman
32:06 Heavy Plow
34:43 Chain Barding Armor
34:56 Bow Saw
35:54 Wheelbarrow
39:20 Imperial Age
38:49 Scale Mail Armor
39:25 Iron Casting
39:07 Bodkin Arrow
39:54 Hand Cart
40:21 Conscription
40:27 Fortified Bastions
42:51 Thunderclap Bombs
43:17 Elite Iron Pagoda
51:18 Squires
50:43 Elite Fire Lancer
53:49 Padded Archer Armor
59:25 Leather Archer Armor
65:37 Chemistry
64:58 Ballistics
64:45 Siege Engineers
69:39 Arson
71:37 Ring Archer Armor
70:46 Halberdier
72:05 Murder Holes
72:20 Bracer
73:20 Chain Mail Armor
74:06 Blast Furnace
74:43 Masonry
Erwin
6:08 Loom
9:23 Feudal Age
11:51 Champi Runner
15:02 Double-Bit Axe
15:55 Horse Collar
21:33 Castle Age
20:31 Scale Mail Armor
21:27 Arson
22:05 Forging
21:50 Champi Warrior
23:47 Bow Saw
23:04 Pikeman
23:46 Squires
26:05 Chain Mail Armor
29:18 Fletching
31:39 Iron Casting
32:38 Heavy Plow
39:16 Imperial Age
43:26 Ballistics
44:21 Bodkin Arrow
44:27 Padded Archer Armor
45:14 Halberdier
50:49 Chemistry
51:40 Siege Engineers
52:55 Conscription
52:45 Thumb Ring
53:26 Plate Mail Armor
56:06 Andean Sling
56:27 Bracer
57:35 Murder Holes
57:52 Masonry
57:54 Fortified Wall
58:22 Wheelbarrow
57:32 Town Watch
60:40 Leather Archer Armor
60:26 Gold Mining
67:27 Blast Furnace
66:58 Ring Archer Armor
66:48 Elite Champi Warrior
67:34 Fabric Shields
68:44 Fabric Shields
70:22 Elite Kamayuk
73:53 Gold Shaft Mining
74:01 Crop Rotation
76:00 Elite Skirmisher
79:00 Hand Cart
78:46 Town Patrol
LittleNino
11:52 Feudal Age
10:39 Loom
12:56 Horse Collar
13:56 Forging
14:30 Scale Barding Armor
14:22 Town Watch
25:29 Castle Age
24:25 Wheelbarrow
24:24 Double-Bit Axe
25:02 Bloodlines
26:52 Iron Casting
27:32 Light Cavalry
28:16 Husbandry
37:42 Heavy Plow
40:33 Chain Barding Armor
60:35 Imperial Age
60:46 Hand Cart
63:08 Winged Hussar
68:45 Blast Furnace
VISTOYCONSI | Tafirol
10:50 Feudal Age
12:40 Bloodlines
17:31 Scale Barding Armor
18:38 Forging
23:53 Castle Age
21:44 Horse Collar
26:48 Husbandry
32:06 Chain Barding Armor
33:03 Iron Casting
32:23 Loom
41:45 Wheelbarrow
48:04 Imperial Age
45:47 Double-Bit Axe
47:53 Cavalier
49:16 Plate Barding Armor
49:26 Gold Mining
51:21 Blast Furnace
52:03 Savar
55:26 Scale Mail Armor
59:29 Elite Skirmisher
85:02 Light Cavalry
Connection lost

Rejoining the realm…

Still unreachable

The connection could not be restored.

Session expired

The server has moved on; the page needs a fresh start.